| TOP OF THE 1ST |
|
Beloit Snappers batting - Pitching for West Michigan Whitecaps : RHP Dale Gilbert
|
|
Pitching: RHP Dale Gilbert
|
|
|
Batting: RHB Chris Bohm
|
0-0: Foul Ball, location: 2F 0-1: Ball 1-1: Foul Ball, location: 2F 1-2: Ground out 4-3 (Groundball, 4, EV 104.4 MPH)
|
|
Batting: LHB Jeremy Brammer
|
0-0: Ball 1-0: Ground out 6-3 (Groundball, 6, EV 86.9 MPH)
|
|
Batting: RHB Shannon Beck
|
0-0: Ball 1-0: Ball 2-0: Called Strike 2-1: Called Strike 2-2: Foul Ball, location: 2F 2-2: Strikes out swinging
|
| Top of the 1st over - 0 runs, 0 hits, 0 errors, 0 left on base; Beloit 0 - West Michigan 0 |
| BOTTOM OF THE 1ST |
|
West Michigan Whitecaps batting - Pitching for Beloit Snappers : RHP Dave Magana
|
|
Pitching: RHP Dave Magana
|
|
|
Batting: SHB Willie Medina
|
0-0: Ball 1-0: Foul Ball, location: 2F 1-1: Called Strike 1-2: Strikes out swinging
|
|
Batting: RHB Joe Zimmerman
|
0-0: Called Strike 0-1: Ball 1-1: Hit by Pitch
|
|
Batting: LHB Dave Carlisle
|
0-0: Swinging Strike 0-1: Ball 1-1: Foul Ball, location: 2F 1-2: SINGLE (Flyball, 56D, EV 93.1 MPH) Joe Zimmerman to second
|
|
Batting: RHB German Quiroga
|
0-0: Called Strike 0-1: Called Strike 0-2: Ball 1-2: Grounds into double play, 4-6-3 (Groundball, 4, EV 103.1 MPH)
|
| Bottom of the 1st over - 0 runs, 1 hit, 0 errors, 1 left on base; Beloit 0 - West Michigan 0 |
| TOP OF THE 2ND |
|
Beloit Snappers batting - Pitching for West Michigan Whitecaps : RHP Dale Gilbert
|
|
Batting: LHB Felipe Gomez
|
0-0: Called Strike 0-1: Called Strike 0-2: Ground out 4-3 (Groundball, 4, EV 87.5 MPH)
|
|
Batting: RHB Mike Gangi
|
0-0: Called Strike 0-1: Called Strike 0-2: Foul Ball, location: 2F 0-2: Ball 1-2: Fly out, F8 (Flyball, 8RD, EV 96.2 MPH)
|
|
Batting: LHB Robert Wilkins
|
0-0: Ball 1-0: Called Strike 1-1: Ball 2-1: Ball 3-1: Called Strike 3-2: Ground out 4-3 (Groundball, 4MD, EV 105.0 MPH)
|
| Top of the 2nd over - 0 runs, 0 hits, 0 errors, 0 left on base; Beloit 0 - West Michigan 0 |
| BOTTOM OF THE 2ND |
|
West Michigan Whitecaps batting - Pitching for Beloit Snappers : RHP Dave Magana
|
|
Batting: RHB Jon Goldstein
|
0-0: Ground out 3-1 (Groundball, 34, EV 103.1 MPH)
|
|
Batting: LHB Jon Pedlar
|
0-0: Swinging Strike 0-1: Ball 1-1: Foul Ball, location: 2F 1-2: Strikes out swinging
|
|
Batting: LHB Steve Herrera
|
0-0: Ball 1-0: Called Strike 1-1: Ball 2-1: Foul Ball, location: 2F 2-2: Ground out 5-3 (Groundball, 56, EV 107.5 MPH)
|
| Bottom of the 2nd over - 0 runs, 0 hits, 0 errors, 0 left on base; Beloit 0 - West Michigan 0 |
| TOP OF THE 3RD |
|
Beloit Snappers batting - Pitching for West Michigan Whitecaps : RHP Dale Gilbert
|
|
Batting: RHB Emiel Schlepers
|
0-0: Ball 1-0: Ball 2-0: Ball 3-0: Called Strike 3-1: Base on Balls
|
|
Batting: RHB Clay Statum
|
0-0: Called Strike 0-1: Called Strike 0-2: Strikes out looking
|
|
Batting: RHB Don Burt
|
0-0: Called Strike 0-1: Ball 1-1: Foul Ball, location: 2F 1-2: Ball 2-2: Ball 3-2: Strikes out looking
|
|
Batting: RHB Chris Bohm
|
0-0: Ball 1-0: Called Strike 1-1: Foul Ball, location: 2F 1-2: Strikes out swinging
|
| Top of the 3rd over - 0 runs, 0 hits, 0 errors, 1 left on base; Beloit 0 - West Michigan 0 |
| BOTTOM OF THE 3RD |
|
West Michigan Whitecaps batting - Pitching for Beloit Snappers : RHP Dave Magana
|
|
Batting: RHB Yaremka Rzhevsky
|
0-0: Foul Ball, location: 2F 0-1: Ball 1-1: Ball 2-1: Foul Ball, location: 2F 2-2: Ball 3-2: Base on Balls
|
|
Batting: RHB Tony Murray
|
0-0: Ball Yaremka Rzhevsky steals 2nd base 1-0: Ball 2-0: Ball 3-0: Fly out, F9 (Flyball, 9LM, EV 83.1 MPH)
|
|
Batting: SHB Willie Medina
|
0-0: Called Strike 0-1: Ball 1-1: Ball 2-1: Ball 3-1: Called Strike 3-2: TRIPLE (Line Drive, 9LD, EV 97.5 MPH) Yaremka Rzhevsky scores
|
|
Batting: RHB Joe Zimmerman
|
0-0: Called Strike 0-1: Foul Ball, location: 2F 0-2: Ball 1-2: Ball 2-2: Ball 3-2: Base on Balls
|
|
Batting: LHB Dave Carlisle
|
0-0: Ball 1-0: Ball Joe Zimmerman steals 2nd base 2-0: Ground out 4-3 (Groundball, 4, EV 108.1 MPH) Willie Medina scores Joe Zimmerman to third
|
|
Batting: RHB German Quiroga
|
0-0: Ball 1-0: Swinging Strike 1-1: Ball 2-1: Ball 3-1: Base on Balls
|
|
Batting: RHB Jon Goldstein
|
0-0: Foul Ball, location: 2F 0-1: Ball 1-1: Called Strike 1-2: Strikes out swinging
|
| Bottom of the 3rd over - 2 runs, 1 hit, 0 errors, 2 left on base; Beloit 0 - West Michigan 2 |
| TOP OF THE 4TH |
|
Beloit Snappers batting - Pitching for West Michigan Whitecaps : RHP Dale Gilbert
|
|
Batting: LHB Jeremy Brammer
|
0-0: Ball 1-0: Called Strike 1-1: Swinging Strike 1-2: Strikes out swinging
|
|
Batting: RHB Shannon Beck
|
0-0: Called Strike 0-1: Ground out 4-3 (Groundball, 4MD, EV 99.4 MPH)
|
|
Batting: LHB Felipe Gomez
|
0-0: Called Strike 0-1: Ball 1-1: Ball 2-1: Called Strike 2-2: Fly out, F7 (Line Drive, 7, EV 93.8 MPH)
|
| Top of the 4th over - 0 runs, 0 hits, 0 errors, 0 left on base; Beloit 0 - West Michigan 2 |
| BOTTOM OF THE 4TH |
|
West Michigan Whitecaps batting - Pitching for Beloit Snappers : RHP Dave Magana
|
|
Batting: LHB Jon Pedlar
|
0-0: Ball 1-0: Ball 2-0: SINGLE (Line Drive, 9S, EV 101.2 MPH)
|
|
Batting: LHB Steve Herrera
|
0-0: Called Strike 0-1: Ball 1-1: Foul Ball, location: 2F 1-2: Ball 2-2: Ground out 5-3 (Groundball, 5S, EV 71.2 MPH) Jon Pedlar to second
|
|
Batting: RHB Yaremka Rzhevsky
|
0-0: Called Strike 0-1: Called Strike 0-2: Ball 1-2: DOUBLE (Line Drive, 78D, EV 110.0 MPH) Jon Pedlar scores
|
|
Batting: RHB Tony Murray
|
0-0: Ball 1-0: Fly out, F4 (Line Drive, 4M, EV 68.1 MPH) Lined into DP, U4 (Line Drive, 4M, EV 68.1 MPH)
|
| Bottom of the 4th over - 1 run, 2 hits, 0 errors, 0 left on base; Beloit 0 - West Michigan 3 |
| TOP OF THE 5TH |
|
Beloit Snappers batting - Pitching for West Michigan Whitecaps : RHP Dale Gilbert
|
|
Batting: RHB Mike Gangi
|
0-0: Foul Ball, location: 2F 0-1: Fly out, F9 (Flyball, 9S, EV 88.8 MPH)
|
|
Batting: LHB Robert Wilkins
|
0-0: Ball 1-0: Called Strike 1-1: Ball 2-1: Ball 3-1: Swinging Strike 3-2: Foul Ball, location: 2F 3-2: Foul Ball, location: 2F 3-2: Foul Ball, location: 2F 3-2: Strikes out swinging
|
|
Batting: RHB Emiel Schlepers
|
0-0: Ball 1-0: Ball 2-0: Called Strike 2-1: Swinging Strike 2-2: Ball 3-2: Base on Balls
|
|
Batting: RHB Clay Statum
|
0-0: Fielders Choice at 2nd, 6-4 (Groundball, 6, EV 84.4 MPH)
|
| Top of the 5th over - 0 runs, 0 hits, 0 errors, 1 left on base; Beloit 0 - West Michigan 3 |
| BOTTOM OF THE 5TH |
|
West Michigan Whitecaps batting - Pitching for Beloit Snappers : RHP Dave Magana
|
|
Batting: SHB Willie Medina
|
0-0: Ball 1-0: Ball 2-0: Called Strike 2-1: Ground out 6-3 (Groundball, 6, EV 103.1 MPH)
|
|
Batting: RHB Joe Zimmerman
|
0-0: Ball 1-0: Ball 2-0: Foul Ball, location: 2F 2-1: Ball 3-1: Called Strike 3-2: Ground out U3 (Groundball, 34S, EV 78.8 MPH)
|
|
Batting: LHB Dave Carlisle
|
0-0: Called Strike 0-1: Ball 1-1: DOUBLE (Groundball, 3L, EV 102.5 MPH)
|
|
Batting: RHB German Quiroga
|
0-0: Ball 1-0: Called Strike 1-1: SINGLE (Line Drive, 89S, EV 98.1 MPH) Dave Carlisle to third Runner from 3rd tries for Home, SAFE, throw by RF to home
|
|
Batting: RHB Jon Goldstein
|
0-0: Ball 1-0: Ball 2-0: Called Strike German Quiroga is caught stealing 2nd base 2-4
|
| Bottom of the 5th over - 1 run, 2 hits, 0 errors, 0 left on base; Beloit 0 - West Michigan 4 |
| TOP OF THE 6TH |
|
Beloit Snappers batting - Pitching for West Michigan Whitecaps : RHP Dale Gilbert
|
|
Batting: RHB Don Burt
|
0-0: Ball 1-0: Called Strike 1-1: Called Strike 1-2: Strikes out looking
|
|
Batting: RHB Chris Bohm
|
0-0: Ball 1-0: Fly out, F7 (Flyball, 7D, EV 105.0 MPH)
|
|
Batting: LHB Jeremy Brammer
|
0-0: Foul Ball, location: 2F 0-1: Foul Ball, location: 2F 0-2: Foul Ball, location: 2F 0-2: Hit by Pitch
|
|
Batting: RHB Shannon Beck
|
0-0: Called Strike 0-1: Called Strike 0-2: SINGLE (Groundball, 56, EV 98.8 MPH) Jeremy Brammer to second
|
|
Batting: LHB Felipe Gomez
|
0-0: Ball 1-0: Ball 2-0: Foul Ball, location: 2F 2-1: Ball 3-1: Called Strike 3-2: Base on Balls Jeremy Brammer to third Shannon Beck to second
|
|
Pitching: LHP Chris Thomas
|
|
|
Batting: RHB Mike Gangi
|
0-0: Swinging Strike 0-1: Ball 1-1: SINGLE (Groundball, 6MD, EV 100.0 MPH) Jeremy Brammer scores Shannon Beck to third Felipe Gomez to second Runner from 3rd tries for Home, throw by CF and OUT! 8-2
|
| Top of the 6th over - 1 run, 2 hits, 0 errors, 2 left on base; Beloit 1 - West Michigan 4 |
| BOTTOM OF THE 6TH |
|
West Michigan Whitecaps batting - Pitching for Beloit Snappers : RHP Dave Magana
|
|
Batting: RHB Jon Goldstein
|
0-0: Ball 1-0: Ball 2-0: Ball 3-0: Called Strike 3-1: Base on Balls
|
|
Batting: LHB Jon Pedlar
|
0-0: Ball 1-0: 2-RUN HOME RUN (Flyball, 89XD, EV 106.9 MPH), Distance : 423 ft
|
|
Pitching: RHP Juan Lucero
|
|
|
Batting: LHB Steve Herrera
|
0-0: Swinging Strike 0-1: Swinging Strike 0-2: Strikes out swinging
|
|
Batting: RHB Yaremka Rzhevsky
|
0-0: Foul Ball, location: 2F 0-1: Ball 1-1: Ball 2-1: Foul Ball, location: 2F 2-2: Strikes out looking
|
|
Batting: RHB Tony Murray
|
0-0: SINGLE (Line Drive, 7S, EV 108.1 MPH)
|
|
Batting: SHB Willie Medina
|
0-0: Ball 1-0: Ground out 4-3 (Groundball, 4, EV 85.6 MPH)
|
| Bottom of the 6th over - 2 runs, 2 hits, 0 errors, 1 left on base; Beloit 1 - West Michigan 6 |
| TOP OF THE 7TH |
|
Beloit Snappers batting - Pitching for West Michigan Whitecaps : LHP Chris Thomas
|
|
Batting: LHB Robert Wilkins
|
0-0: Ball 1-0: Ball 2-0: Ball 3-0: Base on Balls
|
|
Batting: RHB Emiel Schlepers
|
0-0: Ball 1-0: SINGLE (Groundball, 6MD, EV 105.0 MPH) Robert Wilkins to second Throwing error, E8 Robert Wilkins scores Emiel Schlepers to second
|
|
Batting: RHB Clay Statum
|
0-0: Ground out 3-1 (Groundball, 34, EV 81.2 MPH) Emiel Schlepers to third
|
|
Batting: RHB Don Burt
|
0-0: Ball 1-0: SINGLE (Groundball, 4D, EV 101.2 MPH) Emiel Schlepers scores
|
|
Batting: RHB Chris Bohm
|
0-0: Foul Ball, location: 2F 0-1: SINGLE (Groundball, 56S, EV 99.4 MPH) Don Burt to second
|
|
Batting: LHB Jeremy Brammer
|
0-0: Ball 1-0: Swinging Strike 1-1: Called Strike 1-2: Fielders Choice at 2nd, 3-6 (Groundball, 23, EV 81.2 MPH) Don Burt to third
|
|
Batting: RHB Shannon Beck
|
0-0: Ball 1-0: Ball 2-0: Swinging Strike 2-1: Swinging Strike 2-2: Ball Passed Ball! Don Burt scores Jeremy Brammer to second 3-2: Base on Balls
|
|
Pinch Hitting: RHB Tetsuya Shinoda
|
0-0: Ball 1-0: Ball 2-0: Foul Ball, location: 2F 2-1: Ball 3-1: Fly out, F1 (Popup, 13, EV 89.4 MPH)
|
| Top of the 7th over - 3 runs, 3 hits, 1 error, 2 left on base; Beloit 4 - West Michigan 6 |
| BOTTOM OF THE 7TH |
|
West Michigan Whitecaps batting - Pitching for Beloit Snappers : RHP Juan Lucero
|
|
Now in RF: Chance Stever
|
|
|
Batting: RHB Joe Zimmerman
|
0-0: Foul Ball, location: 2F 0-1: Foul Ball, location: 2F 0-2: Foul Ball, location: 2F 0-2: Ball 1-2: Fly out, F9 (Flyball, 9D, EV 98.1 MPH)
|
|
Batting: LHB Dave Carlisle
|
0-0: Swinging Strike 0-1: Ball 1-1: Foul Ball, location: 2F 1-2: Ball 2-2: Ball 3-2: Base on Balls
|
|
Batting: RHB German Quiroga
|
0-0: Ball 1-0: 2-RUN HOME RUN (Line Drive, 7D, EV 96.2 MPH), Distance : 384 ft
|
|
Batting: RHB Jon Goldstein
|
0-0: Ball 1-0: Ball 2-0: Ball 3-0: Called Strike 3-1: Base on Balls
|
|
Batting: LHB Jon Pedlar
|
0-0: Foul Ball, location: 2F 0-1: Foul Ball, location: 2F 0-2: Foul Ball, location: 2F 0-2: Strikes out swinging
|
|
Batting: LHB Steve Herrera
|
0-0: Ball 1-0: Foul Ball, location: 2F 1-1: Foul Ball, location: 2F Balk! Jon Goldstein to second 1-2: Ball 2-2: Foul Ball, location: 2F 2-2: Ball 3-2: Strikes out swinging
|
| Bottom of the 7th over - 2 runs, 1 hit, 0 errors, 1 left on base; Beloit 4 - West Michigan 8 |
| TOP OF THE 8TH |
|
Beloit Snappers batting - Pitching for West Michigan Whitecaps : LHP Chris Thomas
|
|
Pitching: LHP George Moran
|
|
|
Batting: RHB Mike Gangi
|
0-0: Foul Ball, location: 2F 0-1: Called Strike 0-2: Foul Ball, location: 2F 0-2: Foul Ball, location: 2F 0-2: Ball 1-2: Ball 2-2: Foul Ball, location: 2F 2-2: Fly out, F9 (Line Drive, 9, EV 90.6 MPH)
|
|
Batting: LHB Robert Wilkins
|
0-0: Foul Ball, location: 2F 0-1: Ball 1-1: Ball 2-1: Ball 3-1: Called Strike 3-2: Base on Balls
|
|
Batting: RHB Emiel Schlepers
|
0-0: Ball 1-0: Called Strike 1-1: Ball 2-1: Called Strike 2-2: Foul Ball, location: 2F 2-2: Ball Passed Ball! Robert Wilkins to second 3-2: Foul Ball, location: 2F 3-2: Foul Ball, location: 2F 3-2: Base on Balls
|
|
Batting: RHB Clay Statum
|
0-0: Ball 1-0: Ball 2-0: Foul Ball, location: 2F 2-1: Called Strike 2-2: Strikes out looking
|
|
Batting: RHB Don Burt
|
0-0: Called Strike 0-1: Foul Ball, location: 2F 0-2: Strikes out swinging
|
| Top of the 8th over - 0 runs, 0 hits, 0 errors, 2 left on base; Beloit 4 - West Michigan 8 |
| BOTTOM OF THE 8TH |
|
West Michigan Whitecaps batting - Pitching for Beloit Snappers : RHP Juan Lucero
|
|
Pitching: LHP Alex Villagran
|
|
|
Batting: RHB Yaremka Rzhevsky
|
0-0: Swinging Strike 0-1: Called Strike 0-2: Fly out, F9 (Flyball, 9S, EV 90.0 MPH)
|
|
Batting: RHB Tony Murray
|
0-0: Swinging Strike 0-1: Ball 1-1: Foul Ball, location: 2F 1-2: Strikes out swinging
|
|
Batting: SHB Willie Medina
|
0-0: Called Strike 0-1: Called Strike 0-2: Ground out 5-3 (Groundball, 56, EV 88.8 MPH)
|
| Bottom of the 8th over - 0 runs, 0 hits, 0 errors, 0 left on base; Beloit 4 - West Michigan 8 |
| TOP OF THE 9TH |
|
Beloit Snappers batting - Pitching for West Michigan Whitecaps : LHP George Moran
|
|
Pitching: LHP Jesse Turner
|
|
|
Batting: RHB Chris Bohm
|
0-0: Called Strike 0-1: Called Strike 0-2: Ball 1-2: Ball 2-2: Ball 3-2: SINGLE (Groundball, 56, EV 94.4 MPH)
|
|
Batting: LHB Jeremy Brammer
|
0-0: Grounds into double play, 5-4-3 (Groundball, 5, EV 95.6 MPH)
|
|
Batting: RHB Shannon Beck
|
0-0: Ball 1-0: Foul Ball, location: 2F 1-1: Swinging Strike 1-2: Foul Ball, location: 2F 1-2: Strikes out looking
|
| Top of the 9th over - 0 runs, 1 hit, 0 errors, 0 left on base; Beloit 4 - West Michigan 8 |
|